 Dungeon Crawl Stone Soup version 0.30-a0-585-g93115170b9 (webtiles) character file.

Game seed: 18011718736451061701

35709 bmack86 the Severer (level 13, 0/116 HPs)
             Began as a Minotaur Fighter on Jan 1, 2023.
             Was an Elder of Okawaru.
             Slain by a komodo dragon (18 damage)
             ... on level 5 of the Lair of Beasts.
             The game lasted 00:48:41 (15228 turns).

bmack86 the Severer (Minotaur Fighter)             Turns: 15228, Time: 00:48:41

Health: 0/116      AC: 23    Str: 25    XL:     13   Next: 49%
Magic:  27/27      EV:  6    Int: 10    God:    Okawaru [****..]
Gold:   896        SH: 11    Dex: 11    Spells: 12/12 levels left

rFire   . . .      SeeInvis .    j - +9 hand axe (distort)
rCold   . . .      Faith    .    L - +0 kite shield
rNeg    . . .      Spirit   .    m - +0 plate armour
rPois   +          Reflect  .    O - +3 hat of Pondering {ponderous, Will+ MP+10 Int+5}
rElec   .          Harm     .    C - +0 cloak
rCorr   .          Rampage  .    (no gloves)
Will    +++..                    x - +2 pair of boots Stlth
                                 (no amulet)
HPRegen 0.39/turn                l - ring "Firo" {rPois Will+}
MPRegen 0.20/turn                Q - ring of willpower

@: slow
A: horns 2, retaliatory headbutt
a: Renounce Religion, Heroism, Finesse


You were on level 5 of the Lair of Beasts.
You worshipped Okawaru.
Okawaru was greatly pleased with you.
You visited 3 branches of the dungeon, and saw 16 of its levels.
You also visited: Ice Cave.

You collected 1010 gold pieces.
You spent 114 gold pieces at shops.

Inventory:

Hand Weapons
 h - a +2 hand axe of electrocution
 j - a +9 hand axe of distortion (weapon)
 M - a +1 battleaxe of freezing
Missiles
 f - 20 poisoned darts (quivered)
 B - 2 curare-tipped darts
 H - 5 throwing nets
 I - 3 silver javelins
Armour
 b - the +4 chain mail of Okawaru's Pride {rC- Dex+4 SInv Stlth+}
   (Okawaru gifted it to you in an ice cave)

   Dex:       It affects your dexterity (+4).
   rC:        It makes you vulnerable to cold.
   SInv:      It lets you see invisible.
   Stlth:     It makes you more stealthy.
 m - a +0 plate armour (worn)
 x - a +2 pair of boots (worn)
 C - a +0 cloak (worn)
 L - a +0 kite shield (worn)
 O - the +3 hat of Pondering (worn) {ponderous, Will+ MP+10 Int+5}
   (You took it off Gastronok on level 1 of the Lair of Beasts)

   Int:       It affects your intelligence (+5).
   MP:        It affects your magic capacity (+10).
   Will:      It increases your willpower.
 T - the +1 steam dragon scales of the Merchant {-Tele Harm Regen+ Int+2 Slay+3}
   (Okawaru gifted it to you on level 3 of the Lair of Beasts)

   Int:       It affects your intelligence (+2).
   Slay:      It affects your accuracy & damage with ranged weapons and melee
   (+3).
   -Tele:     It prevents most forms of teleportation.
   Regen:     It increases your rate of health regeneration.
   Harm:      It increases damage dealt and taken.
Jewellery
 l - the ring "Firo" (left hand) {rPois Will+}
   (You acquired it on level 5 of the Dungeon)

   [ring of willpower]

   rPois:     It protects you from poison.
   Will:      It increases your willpower.
 t - a ring of resist corrosion
 E - a ring of protection from cold
 G - a ring of flight
 Q - a ring of willpower (right hand)
Wands
 u - a wand of flame (25)
 y - a wand of quicksilver (10)
 D - a wand of paralysis (24)
 K - a wand of iceblast (6)
Scrolls
 q - 16 scrolls of teleportation
 w - 3 scrolls of amnesia
 A - 3 scrolls of fear
 N - a scroll of blinking
 P - 2 scrolls of magic mapping
 R - 2 scrolls of fog
 S - a scroll of enchant weapon
Potions
 c - a potion of resistance {unknown}
 d - a potion of might
 e - 4 potions of mutation
 g - 4 potions of magic
 k - a potion of degeneration {unknown}
 n - 3 potions of attraction
 o - 12 potions of curing
 p - 2 potions of cancellation {unknown}
 r - 5 potions of brilliance
 s - a potion of haste
 z - 4 potions of flight
 F - 2 potions of lignification
 J - 3 potions of invisibility


   Skills:
 + Level 11.6 Fighting
 * Level 15.4 Axes
 + Level 9.0 Throwing
 + Level 11.5 Armour
 + Level 11.5 Shields
 + Level 7.6 Invocations


You had 12 spell levels left.
You didn't know any spells.
Your spell library contained the following spells:

 Spells                   Type           Power      Damage    Failure   Level
 Freeze                   Ice            0%         1d3       100%        1
 Shock                    Conj/Air       0%         1d3       100%        1
 Slow                     Hex            0%         N/A       100%        1
 Blink                    Tloc           0%         N/A       100%        2
 Cigotuvi's Dreadful Rot  Necr/Pois/Air  0%         N/A       100%        2
 Poisonous Vapours        Pois/Air       0%         N/A       100%        2
 Confusing Touch          Hex            0%         N/A       100%        3
 Dazzling Flash           Conj/Hex       0%         N/A       100%        3
 Frozen Ramparts          Ice            0%         1d1       100%        3
 Gell's Gravitas          Tloc           0%         N/A       100%        3
 Hailstorm                Conj/Ice       0%         3d3       100%        3
 Ignite Poison            Fire/Tmut/Pois 0%         N/A       100%        3
 Lesser Beckoning         Tloc           0%         N/A       100%        3
 Mephitic Cloud           Conj/Pois/Air  0%         N/A       100%        3
 Portal Projectile        Hex/Tloc       0%         N/A       100%        3
 Swiftness                Air            0%         N/A       100%        3
 Teleport Other           Tloc           0%         N/A       100%        3
 Vampiric Draining        Necr           0%         2d6       100%        3
 Airstrike                Air            0%         2d(0-16)  100%        4
 Cause Fear               Hex            0%         N/A       100%        4
 Dispel Undead            Necr           0%         3d6       100%        4
 Iskenderun's Mystic Bla  Conj/Tloc      0%         2d3       100%        4
 Leda's Liquefaction      Hex/Erth       0%         N/A       100%        4
 Manifold Assault         Tloc           0%         N/A       100%        4
 Sticky Flame             Conj/Fire      0%         2d3       100%        4
 Alistair's Intoxication  Tmut/Pois      0%         N/A       100%        5
 Blade Hands              Tmut           0%         N/A       100%        5
 Borgnjor's Vile Clutch   Necr/Erth      0%         N/A       100%        5
 Iskenderun's Battlesphe  Conj           0%         2d6       100%        5
 Lee's Rapid Deconstruct  Erth           0%         3d4*      100%        5
 Dispersal                Tloc           0%         N/A       100%        6
 Eringya's Noxious Bog    Tmut/Pois      0%         N/A       100%        6
 Iron Shot                Conj/Erth      0%         9d1       100%        6
 Starburst                Conj/Fire      0%         6d3       100%        6
 Statue Form              Tmut/Erth      0%         N/A       100%        6
 Dragon Form              Tmut           0%         N/A       100%        7
 Storm Form               Tmut/Air       0%         N/A       100%        7
 Ignition                 Fire           0%         3d3       100%        8
 Tukima's Dance           Hex            Unusable   N/A       N/A         3
 Summon Forest            Summ/Tloc      Unusable   N/A       N/A         5
 Death Channel            Necr           Unusable   N/A       N/A         6
 Spellforged Servitor     Conj/Summ      Unusable   N/A       N/A         7
 Summon Hydra             Summ           Unusable   N/A       N/A         7
 Dragon's Call            Summ           Unusable   N/A       N/A         9

Dungeon Overview and Level Annotations

Branches:
Dungeon (10/15)            Temple (1/1) D:5            Lair (5/5) D:10
  Swamp (0/4) Lair:3        Snake (0/4) Lair:3        Slime (0/5) Lair:4
    Orc (0/2) D:9           IceCv (visited)

Altars:
Ashenzari
Cheibriados
Dithmenos
Elyvilon
Fedhas
Gozag
Hepliaklqana
Kikubaaqudgha
Makhleb
Nemelex Xobeh
Okawaru
Qazlal
Ru
Sif Muna
Trog
Uskayaw
Vehumet
Wu Jian
Xom
Yredelemnul
Zin
The Shining One

Shops:
D:1 (   D:9 !   D:10 *


Innate Abilities, Weirdness & Mutations

You have a pair of horns on your head.
You reflexively headbutt those who attack you in melee.


Message History

Found a runed emerald ring.
The yak bellows! x4; You hear an angry hiss.
You block the dream sheep's attack.
The dream sheep bites you but does no damage.
A yak comes into view.
A rime drake comes into view.
You hit the yak.
Space warps around the yak.
The yak is moderately wounded.
You hit the dream sheep.
Space warps horribly around the dream sheep!
You slash the dream sheep! You hit the dream sheep.
The dream sheep bites you but does no damage.
The dream sheep are wreathed in dream dust.
You feel drowsy...
You fall asleep.
The dream sheep bites you!!
You wake up.
The yak gores you. You block the dream sheep's attack.
The dream sheep attacks as you move away!
The dream sheep bites you. The yak attacks as you move away!
You block the yak's attack. You block the dream sheep's attack.
The komodo dragon bites you.
The dream sheep ruffle their wool and motes of dream dust sparkle, to no effect.
The komodo dragon bites you!
The dream sheep shake their wool and sparkle.
You feel drowsy...
You fall asleep.
The dream sheep bites you!
You wake up.
The komodo dragon bites you. The komodo dragon bites you.
Unknown command.
The dream sheep ruffle their wool and motes of dream dust sparkle, to no effect.
You block the komodo dragon's attack. You block the komodo dragon's attack.
The dream sheep ruffle their wool and motes of dream dust sparkle, to no effect. x2
The dream sheep shake their wool and sparkle.
You feel drowsy...
You fall asleep.
The dream sheep "Baaaas" sleepily.
The komodo dragon bites you!!!
You wake up.
* * * LOW HITPOINT WARNING * * *
You block the dream sheep's attack.
You feel much better. The dream sheep closely misses you.
You furiously retaliate!
You headbutt the dream sheep. The komodo dragon bites you!!
You die...

##........#.....
#.......#..P....
#..............
##....[#........ ##
###............... ##.#
#......Y..........
#...##
#....YYY.k........
#...#####FYYY.#..Y......
#.....#..@YYYP###.......
#.........l#.## .....(.
#.P......#.#.# .......
####.##...<..#.##
.......
#...#..........##.
....... #...............
......= ##.#.....#..#...
####.P######### ####


You could see a komodo dragon, 5 yaks, a cane toad, a rime drake and 5 dream
sheep.

Vanquished Creatures
  Gastronok (Lair:1)
  A frost giant (IceCv)
  2 hydras (Lair:3)
  4 death yaks (IceCv)
  Nergalle (D:10)
  2 oklob plants (Lair:4)
  A black mamba (Lair:2)
  2 torpor snails (Lair:1)
  An ice statue (IceCv)
  12 cane toads
  10 rime drakes
  3 komodo dragons
  5 polar bears (IceCv)
  A troll (D:6)
  4 blink frogs (Lair:3)
  2 dream sheep (Lair:5)
  A shadow (D:10)
  2 wraiths (D:10)
  A wyvern (D:9)
  3 steam dragons
  42 yaks
  2 basilisks (Lair:2)
  3 vampire mosquitoes (D:10)
  A swamp worm (Lair:3)
  3 wargs (D:9)
  2 nagas (Lair:3)
  12 water moccasins
  6 orc warriors
  An ice beast (D:7)
  2 black bears
  18 wolves
  An ogre (D:6)
  3 centaurs
  A phantom (D:5)
  6 bullfrogs
  Blork the orc (D:5)
  2 gnoll sergeants (D:10)
  3 scorpions
  7 wights
  5 killer bees (D:9)
  2 howler monkeys
  A gnoll bouda (D:10)
  2 hounds
  3 jellies
  6 orc priests
  4 iguanas
  Natasha (thrice) (D:2)
  6 orc wizards
  6 hell rats (Lair:2)
  6 adders
  10 gnolls (D:10)
  A shadow imp (D:6)
  2 white imps
  An ufetubus (D:6)
  5 worms
  5 dart slugs
  43 orcs
  8 endoplasms
  3 giant cockroaches
  5 goblins
  4 hobgoblins
  11 jackals
  3 quokkas
  8 ball pythons
  9 bats
  5 frilled lizards
  10 kobolds
  10 rats
  A spectral orc (D:5)
363 creatures vanquished.

Vanquished Creatures (others)
  7 fungi
  34 plants
41 creatures vanquished.

Grand Total: 404 creatures vanquished

Notes
Turn   | Place    | Note
-------+----------+-------------------------------------------
     0 | D:1      | bmack86 the Minotaur Fighter began the quest for the Orb.
     0 | D:1      | Reached XP level 1. HP: 19/19 MP: 0/0
   322 | D:1      | Reached XP level 2. HP: 27/27 MP: 1/1
   449 | D:1      | Reached skill level 3 in Axes
   503 | D:1      | Found Biawisy's Antique Weapon Boutique.
   849 | D:2      | Reached XP level 3. HP: 33/33 MP: 2/2
  1318 | D:2      | Found a faded altar of an unknown god.
  1438 | D:2      | Noticed Natasha
  1444 | D:2      | Killed Natasha
  1445 | D:2      | Reached skill level 1 in Throwing
  1445 | D:2      | Reached XP level 4. HP: 28/40 MP: 3/3
  1623 | D:2      | Noticed Natasha
  1628 | D:2      | Killed Natasha
  1629 | D:2      | Reached skill level 4 in Axes
  1740 | D:2      | Noticed Natasha
  1750 | D:2      | Killed Natasha
  1751 | D:2      | Reached XP level 5. HP: 40/47 MP: 4/4
  1859 | D:1      | Bought a runed hand axe for 114 gold pieces
  2626 | D:4      | Reached XP level 6. HP: 40/53 MP: 5/5
  2742 | D:4      | Reached skill level 5 in Axes
  2760 | D:4      | You fall into a shaft and drop 2 floors!
  3088 | D:5      | Entered Level 5 of the Dungeon
  3134 | D:5      | Noticed Blork the orc
  3149 | D:5      | Killed Blork the orc
  3150 | D:5      | Reached skill level 5 in Shields
  3326 | D:5      | Found a staircase to the Ecumenical Temple.
  3337 | Temple   | Entered the Ecumenical Temple
  3339 | Temple   | Reached skill level 5 in Fighting
  3339 | Temple   | Reached skill level 5 in Armour
  3436 | Temple   | Became a worshipper of Warmaster Okawaru
  3512 | D:5      | Reached XP level 7. HP: 48/61 MP: 6/6
  3513 | D:5      | Reached skill level 6 in Axes
  4189 | D:5      | Reached * piety under Okawaru
  4390 | D:5      | Found a basalt altar of Yredelemnul.
  4490 | D:5      | Identified a scroll of acquirement
  4490 | D:5      | Acquired the ring "Firo" {rPois Will+}
  4579 | D:6      | Noticed a troll
  4587 | D:6      | Killed a troll
  4588 | D:6      | Reached skill level 7 in Axes
  4588 | D:6      | Reached XP level 8. HP: 46/70 MP: 7/7
  4823 | D:6      | Found a glowing silver altar of Zin.
  5526 | D:7      | Reached skill level 8 in Axes
  5540 | D:7      | Reached ** piety under Okawaru
  5687 | D:7      | Noticed a two-headed ogre
  5695 | D:7      | Banished a two-headed ogre
  5696 | D:7      | Reached skill level 9 in Axes
  5696 | D:7      | Reached XP level 9. HP: 53/78 MP: 5/8
  6141 | D:7      | Reached skill level 5 in Throwing
  6141 | D:7      | Reached skill level 1 in Invocations
  6796 | D:8      | Reached skill level 10 in Axes
  7008 | D:8      | Reached *** piety under Okawaru
  7009 | D:8      | Reached XP level 10. HP: 70/88 MP: 10/10
  7273 | D:9      | Found Nibucix's Distillery.
  7427 | D:9      | Found a staircase to the Orcish Mines.
  7632 | D:9      | Found a shimmering blue altar of Sif Muna.
  7642 | D:9      | Found a radiant altar of Vehumet.
  7996 | D:9      | Reached **** piety under Okawaru
  7997 | D:9      | Reached skill level 11 in Axes
  8671 | D:10     | Entered Level 10 of the Dungeon
  8760 | D:10     | Received a gift from Okawaru
  8958 | D:10     | Found a stormy altar of Qazlal.
  9062 | D:10     | Reached XP level 11. HP: 53/95 MP: 11/13
  9560 | D:10     | Noticed Nergalle
  9572 | D:10     | Killed Nergalle
  9572 | D:10     | Reached ***** piety under Okawaru
  9572 | D:10     | Received a gift from Okawaru
  9573 | D:10     | Reached skill level 12 in Axes
  9594 | D:10     | Found Vevuukov's General Store.
  9774 | D:10     | Found a staircase to the Lair.
  9981 | Lair:1   | Entered Level 1 of the Lair of Beasts
 10089 | Lair:1   | Received a gift from Okawaru
 10144 | Lair:1   | Found a frozen archway.
 10159 | IceCv    | Entered an ice cave
 10166 | IceCv    | Reached skill level 5 in Invocations
 10166 | IceCv    | Received a gift from Okawaru
 10292 | IceCv    | Noticed a death yak
 10309 | IceCv    | Killed a death yak
 10309 | IceCv    | Identified the +4 chain mail of Okawaru's Pride {rC- Dex+4
                  | SInv Stlth+} (Okawaru gifted it to you in an ice cave)
 10309 | IceCv    | Received a gift from Okawaru
 10466 | IceCv    | Noticed a death yak
 10466 | IceCv    | Noticed a death yak
 10473 | IceCv    | Killed a death yak
 10474 | IceCv    | Reached skill level 13 in Axes
 10477 | IceCv    | Banished a death yak
 10478 | IceCv    | Reached skill level 10 in Shields
 10733 | IceCv    | Reached skill level 10 in Fighting
 10906 | IceCv    | Reached XP level 12. HP: 70/106 MP: 15/15
 10919 | IceCv    | Reached skill level 10 in Armour
 11041 | IceCv    | Noticed a death yak
 11042 | IceCv    | Noticed a death yak
 11056 | IceCv    | Killed a death yak
 11062 | IceCv    | Banished a death yak
 11086 | IceCv    | Noticed a death yak
 11086 | IceCv    | Noticed a frost giant
 11108 | IceCv    | Killed a death yak
 11126 | IceCv    | HP: 1/107 [frost giant/bolt of cold (17)]
 11128 | IceCv    | Killed a frost giant
 11683 | Lair:1   | Noticed Gastronok
 11699 | Lair:1   | Reached skill level 14 in Axes
 11715 | Lair:1   | Killed Gastronok
 11858 | Lair:1   | Found a snail-covered altar of Cheibriados.
 13149 | Lair:3   | Found a staircase to the Snake Pit.
 13219 | Lair:3   | Found a stormy altar of Qazlal.
 13286 | Lair:3   | Identified the +1 steam dragon scales of the Merchant
                  | {-Tele Harm Regen+ Int+2 Slay+3} (Okawaru gifted it to you
                  | on level 3 of the Lair of Beasts)
 13286 | Lair:3   | Received a gift from Okawaru
 13287 | Lair:3   | Reached XP level 13. HP: 112/116 MP: 17/17
 13388 | Lair:3   | Found a staircase to the Swamp.
 13693 | Lair:3   | Reached skill level 15 in Axes
 14536 | Lair:4   | Found a staircase to the Slime Pits.
 15074 | Lair:5   | Entered Level 5 of the Lair of Beasts
 15225 | Lair:5   | HP: 1/116 [komodo dragon (42)]
 15228 | Lair:5   | Slain by a komodo dragon

Illustrated notes

Levels and vault maps discovered:
D:1:      sevenhm_arrival_forest_fort_small_3, layout_basic, serial_shops,
          nicolae_diamond_shop, chequers_serial_rivers_large_a,
          minmay_pentomino_w2
D:2:      layout_loops_ring, shapermc_ecumenical_altar_notcrosses,
          chequers_serial_rivers_small_b, uniq_natasha
D:3:      layout_rooms, serial_forest, infiniplex_forest_clump_diagonal,
          infiniplex_forest_zigzag_1, infiniplex_forest_lined_2,
          infiniplex_forest_lined_room_, infiniplex_forest_lined_room_,
          infiniplex_forest_lined_corner, infiniplex_forest_lined_room_3,
          kennysheep_flooded_box, minmay_quantized
D:4:      layout_basic
D:5:      layout_rooms, yredelemnul_forgotten_temple_becter,
          minmay_temple_entry_mini_moons, uniq_blork_the_orc
D:6:      layout_basic, mainiacjoe_overflow_cross_hatched, serial_bayou,
          serial_bayou_pond_d, serial_bayou_lake_a, serial_bayou_ford_a,
          serial_bayou_shore_b
D:7:      layout_gridville
D:8:      layout_rooms, nicolae_fountain_basement
D:9:      layout_irregular_city, mainiacjoe_overflow_big_doors,
          david_orc_1_choice, serial_shops, nicolae_shop_crystal,
          roderic_lattice_a
D:10:     layout_cave_pods, nicolae_qazlal_scattered_showers, lair_entry_dummy,
          serial_gnoll_camp, gnoll_camp_mini_hut, gnoll_camp_mini_shop,
          gnoll_camp_medium_02, gnoll_camp_mini_hut, kennysheep_small_spiral,
          uniq_nergalle
Temple:   minmay_temple_bridge_d
Lair:1:   layout_regular_city, portal_ice_cave_rime, kennysheep_snail_temple,
          grunt_megastairs_5, uniq_gastronok
Lair:2:   layout_cave_shapes, grunt_megastairs_2
Lair:3:   layout_small_grid, palyth_hydra_swamp_entry,
          guppyfry_snake_entry_island, basic_altar
Lair:4:   layout_cave_shapes, minmay_slime_entry_oklob_open
Lair:5:   guppyfry_lair_end_dragon, layout_misc_corridors, wormcave,
          maelrawn_ghost_gauntlet_escape

Skill      XL: |  1  2  3  4  5  6  7  8  9 10 11 12 13 |
---------------+----------------------------------------+-----
Axes           | 3 4 5 7 9 10 11 13 14 15 | 15.4
Fighting       | 4 5 6 7 8 10 11 | 11.6
Shields        | 4 5 6 7 8 10 11 | 11.5
Armour         | 4 5 6 7 8 9 11 | 11.5
Throwing       | 1 2 3 4 5 6 7 8 9 |  9.0
Invocations    | 2 4 5 7 |  7.6

Action                   |  1- 3 |  4- 6 |  7- 9 | 10-12 | 13-15 || total
-------------------------+-------+-------+-------+-------+-------++-------
Melee: War axe           |    18 |       |       |       |       ||    18
       Headbutt          |     7 |     9 |    19 |    70 |    27 ||   132
       Hand axe          |    69 |    83 |   145 |   386 |   128 ||   811
Throw: Dart              |       |       |     5 |    12 |     9 ||    26
       Javelin           |       |       |       |     4 |     4 ||     8
Invok: Heroism           |       |       |     1 |     9 |     2 ||    12
       Finesse           |       |       |       |     3 |     2 ||     5
  Use: Scroll            |     1 |     5 |    10 |     9 |       ||    25
       Potion            |       |       |       |     5 |     1 ||     6
Armor: Scale mail        |    39 |    24 |       |       |       ||    63
       Plate armour      |       |    20 |    74 |   157 |    89 ||   340
Dodge: Dodged            |    58 |    30 |    47 |   100 |    37 ||   272
Block: Buckler           |    23 |    20 |    43 |    53 |       ||   139
       Kite shield       |       |       |       |   121 |    93 ||   214

Table legend: (Time is in decaauts)
 A = Elapsed time spent in this place.
 B = Non-inter-level travel time spent in this place.
 C = Inter-level travel time spent in this place.
 D = Time resting spent in this place.
 E = Time spent auto-exploring this place.
 F = Levels seen in this place.
 G = Mean time per level.
                   A        B        C        D        E       F      G
               +--------+--------+--------+--------+--------+-----+--------+
         Total |  15388 |  14928 |    460 |   2018 |   8361 |  17 |  905.2 |
       Dungeon |   9821 |   9537 |    284 |    841 |   5768 |  10 |  982.1 |
        Temple |    172 |     87 |     85 |      0 |     62 |   1 |  172.0 |
          Lair |   4089 |   3998 |     91 |    408 |   2392 |   5 |  817.8 |
      Ice Cave |   1304 |   1304 |      0 |    769 |    139 |   1 | 1304.0 |
               +--------+--------+--------+--------+--------+-----+--------+

Top non-repeatable levels by time:
     D:9: 1413 daAuts
  Lair:3: 1364 daAuts
     D:6: 1320 daAuts
   IceCv: 1304 daAuts
    D:10: 1284 daAuts
  Lair:1: 1053 daAuts
     D:2: 994 daAuts
     D:1: 887 daAuts
     D:7: 885 daAuts
     D:5: 827 daAuts
     D:8: 824 daAuts
  Lair:2: 770 daAuts
  Lair:4: 746 daAuts
     D:4: 717 daAuts
     D:3: 665 daAuts
